 Dungeon Crawl Stone Soup version 0.28-a0-1152-g9c71ebef14 (webtiles) character file.

Game seed: 14360150494974750545

23 spaghetti the Sneak (level 2, 0/22 HPs)
             Began as an Octopode Delver on Dec 14, 2021.
             Succumbed to a water moccasin's poison
             ... on level 5 of the Dungeon.
             The game lasted 00:00:24 (198 turns).

spaghetti the Sneak (Octopode Delver)                Turns: 198, Time: 00:00:25

Health: 0/22       AC:  1    Str: 11    XL:     2   Next: 95%
Magic:  2/2        EV: 13    Int: 12    God:
Gold:   11         SH:  0    Dex: 13    Spells: 1/1 levels left

rFire   . . .      SeeInvis .   a - +0 hand axe {axe}
rCold   . . .      Faith    .   (no shield)
rNeg    . . .      Spirit   .   (helmet restricted)
rPois   .          Reflect  .   (no amulet)
rElec   .          Harm     .   (no ring)
rCorr   .          Rampage  .   (no ring)
Will    .....                   (no ring)
Stlth   ++++......              (no ring)
HPRegen 0.07/turn               (no ring)
MPRegen 0.08/turn               (no ring)
                                (no ring)
                                (no ring)

@: lethally poisoned (0 -> -7)
A: almost no armour, amphibious, 8 rings, camouflage 1, gelatinous body 1,
(nimble swimmer 1), tentacles
a: no special abilities


You were on level 5 of the Dungeon.
You visited 1 branch of the dungeon, and saw 1 of its levels.

You collected 11 gold pieces.


Innate Abilities, Weirdness & Mutations

You cannot wear most types of armour.
You are amphibious.
You can wear up to eight rings at the same time.
Your skin changes colour to match your surroundings (Stealth+).
Your rubbery body absorbs attacks. (AC +1, EV +1)
((You are camouflaged near water. (Stealth+)))
You have tentacles for arms and can constrict up to eight enemies at once.


   Skills:
 + Level 4.0 Fighting
 - Level 2.0 Axes
 - Level 2.0 Dodging
 - Level 6.6 Stealth


You had one spell level left.
You didn't know any spells.
Your spell library was empty.

Inventory:

Hand Weapons
 a - a +0 hand axe (weapon) {axe}
Wands
 f - a wand of digging (3)
Scrolls
 b - a scroll of fog
 c - a scroll of magic mapping {!r}
Potions
 e - a potion of haste {@q3}

Dungeon Overview and Level Annotations

Branches:
Dungeon (5/15)
 Temple: D:4-7

Altars:

Portals:
Ossuary: D:5

#####........##.#..#........#...
########.##.#.........#.#.###
#.......##...#........
####.##........#.#.##.
######.#####..####.#
#.......##.......#.#
#.##.##.##.........# #.
#.##.......### # #@##..∩....#
#$#.......... #S#......[..##
.W#.........# .###########.# #.
.# # .#


You could see a phantom and a water moccasin (fleeing).


Message History

A hound zombie comes into view.
Unknown command.
A hound zombie is nearby!
You see here a scroll labelled ITTENN VUDINLI.
The hound zombie bites you. 😕 HP[-1]
You take 1 damage, and now have 15/16 hp.
You slash the hound zombie! You grab the hound zombie.
You squeeze the hound zombie, but do no damage.
You constrict the hound zombie. The hound zombie misses you.
The hound zombie bites you. 😕 HP[-2]
You take 2 damage, and now have 13/16 hp.
You hit the hound zombie. You constrict the hound zombie.
The hound zombie closely misses you.
You barely miss the hound zombie. You squeeze the hound zombie!
You destroy the hound zombie!
You have reached level 2! 😕 HP[+6] MP[+1]
You now have 22 max hp (+6).
You regained 6 hp, and now have 19/22 hp.
Your mp is fully restored (2).
Unknown command.
g - a scroll labelled ITTENN VUDINLI
As you read the scroll labelled ITTENN VUDINLI, it crumbles to dust.
You feel strangely unstable.
It was a scroll of teleportation.
Unknown command.
Your surroundings suddenly seem different.
Found a scale mail.
Found a sand-covered staircase.
Unknown command.
Unknown command.
You hear the slow hiss of an avalanche of sand.
An adder comes into view. 😎 HP[+3]
Your hp is fully restored (22).
Unknown command.
Unknown command.
Unknown command.
Found a stone staircase leading up.
The helpless adder fails to defend itself.
You slash the adder! Your grab misses the adder. The adder barely misses you.
The adder misses you.
You hit the adder.
You kill the adder!
Your Fighting skill increases to level 4!
No target in view!
No target in view!
No target in view!
No target in view!
No target in view!
No target in view!
No target in view!
No target in view!
You see here an adder corpse.
Key pressed, stopping explore.
A water moccasin comes into view.
The water moccasin hisses angrily.
You see here 12 gold pieces.
A water moccasin is nearby!
You hit the water moccasin but do no damage.
Your grab misses the water moccasin. The water moccasin bites you. 😕 HP[-2]
You take 2 damage, and now have 20/22 hp.
You miss the water moccasin. You grab the water moccasin.
You constrict the water moccasin, but do no damage.
The water moccasin bites you. The water moccasin closely misses you.
A phantom comes into view. 😮 HP[-5]
You take 5 damage, and now have 15/22 hp.
MASSIVE DAMAGE!! (PAUSE) Unknown command.
Okay, then.
Okay, then.
Okay, then.
You hit the water moccasin but do no damage.
You constrict the water moccasin. The water moccasin bites you.
* * * LOW HITPOINT WARNING * * *
The water moccasin bites you!
* * * LOW HITPOINT WARNING * * *
You are lethally poisoned!
The water moccasin poisons you! 😱 HP[-11]
You take 11 damage, and now have 4/22 hp.
MASSIVE DAMAGE!! (PAUSE)
As you read the scroll of fear, it crumbles to dust.
You assume a fearsome visage.
The phantom is unaffected.
The water moccasin looks frightened!
You constrict the water moccasin.
* * * LOW HITPOINT WARNING * * *
You feel sick.
The water moccasin struggles to escape constriction. 😱 HP[-2]
You take 2 damage, and now have 2/22 hp.
Unknown command.
You are lethally poisoned (2 -> -5).
You have 5 tentacles available for constriction.
You are constricting a water moccasin.
Your movement speed is average.
Your attack delay is about 1.2.
You release your grip on the water moccasin.
You die...

Skill      XL: |  1  2 |
---------------+-------+-----
Fighting       | 4 |  4.0
Axes           | |  2.0
Dodging        | |  2.0
Stealth        | |  6.6

Action                   || total
-------------------------++-------
Melee: Hand axe          ||     8
       Tentacles         ||     2
       Constrict         ||     2
  Use: Scroll            ||     2
 Stab: Sleeping          ||     1
Dodge: Dodged            ||     5

Levels and vault maps discovered:
D:5:      layout_loops_cross, enter_ossuary_1, due_unseen_surprise

Notes
Turn   | Place    | Note
-------+----------+-------------------------------------------
     0 | D:5      | spaghetti the Octopode Delver began the quest for the Orb.
     0 | D:5      | Reached XP level 1. HP: 16/16 MP: 1/1
     0 | D:5      | magus.rc [v1.9.6]
   120 | D:5      | Reached XP level 2. HP: 19/22 MP: 2/2
   126 | D:5      | Found a sand-covered staircase.
   169 | D:5      | Reached skill level 4 in Fighting
   193 | D:5      | Noticed a water moccasin
   195 | D:5      | Noticed a phantom
   196 | D:5      | HP: 4/22 [water moccasin (7)]
   198 | D:5      | Succumbed to a water moccasin's poison

Vanquished Creatures
  A hound zombie (D:5)
  An adder (D:5)
2 creatures vanquished.

Table legend:
 A = Non-vault XP
 B = Vault XP
 C = Vault XP percentage of total XP
 D = Non-vault monster count
 E = Vault monster count
 F = Vault count percentage of total count
                 A         B        C        D         E       F
            +---------+---------+-------+---------+---------+-------
      Total |      33 |       0 |   0.0 |       2 |       0 |   0.0
            +---------+---------+-------+---------+---------+-------
        D:5 |      33 |       0 |   0.0 |       2 |       0 |   0.0
            +---------+---------+-------+---------+---------+-------

Illustrated notes

Table legend:
 A = Kills in this place as a percentage of kills in entire the game.
 B = Kills by you in this place as a percentage of kills by you in the entire game.
 C = Kills by friends in this place as a percentage of kills by friends in the entire game.
 D = Other kills in this place as a percentage of other kills in the entire game.
 E = Experience gained in this place as a percentage of experience gained in the entire game.
 F = Experience gained in this place divided by the number of levels of this place that you have seen.
                   A       B       C       D       E      F
               +-------+-------+-------+-------+-------+----------------------
         Total | 100.0 | 100.0 |   N/A |   N/A | 100.0 |  33.0
       Dungeon | 100.0 | 100.0 |   N/A |   N/A | 100.0 |  33.0
               +-------+-------+-------+-------+-------+----------------------

Table legend: (Time is in decaauts)
 A = Elapsed time spent in this place.
 B = Non-inter-level travel time spent in this place.
 C = Inter-level travel time spent in this place.
 D = Time resting spent in this place.
 E = Time spent auto-exploring this place.
 F = Levels seen in this place.
 G = Mean time per level.
                   A        B        C        D        E       F      G
               +--------+--------+--------+--------+--------+-----+--------+
         Total |    199 |    199 |      0 |      0 |    173 |   1 |  199.0 |
       Dungeon |    199 |    199 |      0 |      0 |    173 |   1 |  199.0 |
               +--------+--------+--------+--------+--------+-----+--------+

Top non-repeatable levels by time:
     D:5: 199 daAuts
